 Dungeon Crawl Stone Soup version 0.28-a0-1624-g820543e53a (webtiles) character file.

Game seed: 5107210974803517259

0 cheechan the Sneak (level 1, 0/10 HPs)
             Began as a Felid Delver on Jan 23, 2022.
             Succumbed to an adder's poison
             ... on level 6 of the Dungeon.
             The game lasted 00:00:22 (63 turns).

cheechan the Sneak (Felid Delver)                     Turns: 63, Time: 00:00:22

Health: 0/10       AC:  1    Str:  8    XL:     1   Next: 0%
Magic:  2/2        EV: 17    Int: 11    God:
Gold:   28         SH:  0    Dex: 17    Spells: 0/0 levels left
                                        Lives:  0   Deaths: 0

rFire   . . .      SeeInvis +     - Unarmed
rCold   . . .      Faith    .   (shield unavailable)
rNeg    . . .      Spirit   .   (armour unavailable)
rPois   .          Reflect  .   (helmet unavailable)
rElec   .          Harm     .   (cloak unavailable)
rCorr   .          Rampage  .   (gloves unavailable)
Will    .....                   (boots unavailable)
Stlth   +++.......              (no amulet)
HPRegen 0.03/turn               (no ring)
MPRegen 0.08/turn               (no ring)

@: lethally poisoned (0 -> -4), quick
A: very small, claws 1, fangs 3, see invisible, speed 1, shaggy fur 1, stealthy
paws, no weapons or thrown items, no armour, multi-lived
a: no special abilities


You were on level 6 of the Dungeon.
You visited 1 branch of the dungeon, and saw 2 of its levels.

You collected 28 gold pieces.

Inventory:

Wands
 e - a wand of digging (3)
Scrolls
 a - a scroll of fog
 b - a scroll of magic mapping
 c - a scroll of fear
 f - 2 scrolls of teleportation {unknown}
Potions
 d - a potion of haste


   Skills:
 + Level 3.0 Fighting
 + Level 2.6 Dodging
 + Level 6.6 Stealth
 + Level 2.0 Unarmed Combat


You couldn't memorise any spells.
You didn't know any spells.
Your spell library was empty.

Dungeon Overview and Level Annotations

Branches:
Dungeon (6/15)
 Temple: D:4-7

Altars:


Innate Abilities, Weirdness & Mutations

You have sharp claws.
You have razor-sharp teeth.
You have supernaturally acute eyesight. (SInv)
You cover ground quickly. (Speed+)
You are covered in fur. (AC +1)
Your paws help you pounce on unaware monsters.
You are incapable of wielding weapons or throwing items.
You cannot wear armour.
You gain extra lives every three experience levels.


Message History

You climb downwards.
Found 2 scrolls labelled USERGH LYHURAUSCH and 28 gold pieces.
Found a stone staircase leading down.
There is a stone staircase leading up here.
There is a stone staircase leading down here.
Found a mace.
f - 2 scrolls labelled USERGH LYHURAUSCH
There is a stone staircase leading down here.
You now have 10 gold pieces.
You now have 28 gold pieces (gained 18).
You open the door.
There is an open door here.
An adder comes into view.
Found 18 arrows.
The adder hisses angrily.
A bullfrog comes into view.
The adder misses you.
You scratch the adder.
The adder is heavily wounded.
The adder closely misses you. The adder bites you.
You scratch the adder but do no damage. Your bite misses the adder.
The adder is heavily wounded.
The adder bites you.
You miss the adder. Your bite misses the adder.
The adder is heavily wounded.
The adder bites you.
You are lethally poisoned!
The adder poisons you!
You barely miss the adder.
The adder is heavily wounded.
You feel sick. The adder completely misses you.
The bullfrog snags a nearby baby bat with its tongue.
You barely miss the adder.
The adder is heavily wounded.
* * * LOW HITPOINT WARNING * * *
You feel sick. The adder barely misses you. The adder bites you.
* * * LOW HITPOINT WARNING * * *
You closely miss the adder.
The adder is heavily wounded.
You die...

# ##. .. .. #
############# .##(#
#..........'##F.. # .
#..#.######..######..
.. #..#.# #...S......
...#..#.# #..@.....##
......#.# ##....####
...##.#.# #####....
......#.# ..####.
...#..#.##### .....#
####..#.....##
....... #...><.......
#####.. #.#.##.....##
.. .# #)#..........


You could see a bullfrog and an adder.

Vanquished Creatures (others)
  A wight (D:5)
1 creature vanquished.

Notes
Turn   | Place    | Note
-------+----------+-------------------------------------------
     0 | D:5      | cheechan the Felid Delver began the quest for the Orb.
     0 | D:5      | Reached XP level 1. HP: 10/10 MP: 2/2
     8 | D:5      | Killed a wight
    12 | D:5      | Noticed an ogre
    17 | D:5      | Noticed a phantom
    56 | D:6      | Noticed a bullfrog
    63 | D:6      | Succumbed to an adder's poison

Illustrated notes

Levels and vault maps discovered:
D:5:      layout_cave_pools, kennysheep_little_box, minmay_temple_entry_hall,
          serial_shops, shop, minmay_stone_trees_small,
          corexii_item_surrounded_by_moat, lemuel_flamethrower_2
D:6:      layout_basic, mainiacjoe_overflow_big_doors,
          mainiacjoe_overflow_large_starburst, minmay_puff

Action                   || total
-------------------------++-------
Melee: Unarmed           ||     6
Dodge: Dodged            ||     4

Table legend: (Time is in decaauts)
 A = Elapsed time spent in this place.
 B = Non-inter-level travel time spent in this place.
 C = Inter-level travel time spent in this place.
 D = Time resting spent in this place.
 E = Time spent auto-exploring this place.
 F = Levels seen in this place.
 G = Mean time per level.
                   A        B        C        D        E       F      G
               +--------+--------+--------+--------+--------+-----+--------+
         Total |     52 |     52 |      0 |      0 |      0 |   2 |   26.0 |
       Dungeon |     52 |     52 |      0 |      0 |      0 |   2 |   26.0 |
               +--------+--------+--------+--------+--------+-----+--------+

Top non-repeatable levels by time:
     D:6: 31 daAuts
     D:5: 20 daAuts
